Map: Thunderbird LE

Players

Alpha - Winner!

  • Race: Terran Terran
  • League: Diamond
  • Spawn Location: 5:00

Woah

  • Race: Terran Terran
  • Spawn Location: 11:00

VOD

Have the link to the VOD?

Description

Time

  • Played on: June 11, 2019, 6:46 p.m.
  • Length: 10:57
Show
View Real Time Build Order
Export as new Build Order

Alpha Terran - Winner!

Build Orders:  

Get SALT Encoding   

  12  0:01  SCV  
  13  0:13  SCV  
  14  0:18  Supply Depot  
  14  0:25  SCV  
  15  0:40  SCV  
  16  0:43  Barracks  
  16  0:52  SCV  
  17  1:04  SCV  
  18  1:14  Command Center  
  18  1:30  Orbital Command  
  18  1:31  Marine  
  19  1:37  Bunker  
  19  1:44  Refinery  
  19  1:46  Refinery  
  19  1:52  Marine  
  20  1:59  SCV  
  21  2:12  SCV  
  21  2:15  Marine  
  23  2:25  Orbital Command  
  23  2:27  SCV  
  24  2:37  Barracks  
  24  2:40  SCV  
  24  2:47  Marine  
  25  2:53  SCV x2  
  27  3:01  Factory  
  27  3:05  SCV, Marine  
  29  3:23  SCV, Marine  
  29  3:24  SCV  
  32  3:30  Marine  
  33  3:43  Barracks  
  27  4:01  Marine  
  25  4:03  Barracks Tech Lab  
  22  4:15  SCV x2  
  23  4:19  Marine  
  21  4:27  SCV x2  
  22  4:36  Marine  
  23  4:39  SCV x2  
  25  4:47  Marauder  
  25  4:48  Concussive Shells, Barracks  
  25  4:51  SCV x2  
  29  5:01  Barracks Tech Lab  
  29  5:03  SCV x2  
  29  5:04  Hellion  
  33  5:09  Marauder  
  35  5:15  SCV x2  
  37  5:22  Stimpack  
  37  5:26  Supply Depot  
  37  5:27  SCV  
  38  5:37  Combat Shield  
  38  5:39  Barracks Tech Lab  
  38  5:40  Barracks Reactor  
  38  5:42  Factory Reactor  
  38  5:45  Starport  
  38  5:47  SCV x2, Marine  
  38  5:48  Marauder  
  38  5:49  Supply Depot  
  43  5:59  SCV x2  
  45  6:04  Refinery  
  45  6:08  Supply Depot  
  47  6:11  Marauder  
  47  6:12  SCV, Marauder, Supply Depot  
  47  6:18  Engineering Bay  
  48  6:33  Supply Depot  
  48  6:34  Medivac x2  
  48  6:35  Factory Reactor  
  52  6:42  Marauder x2, Marine x3  
  52  6:45  Engineering Bay  
  59  6:54  Terran Infantry Weapons Level 1  
  59  6:56  SCV x2, Supply Depot  
  61  7:03  Supply Depot  
  61  7:06  Marauder x3, Marine x2  
  70  7:08  SCV x2  
  71  7:18  Missile Turret, Medivac  
  71  7:21  SCV  
  74  7:24  Refinery  
  74  7:26  Supply Depot  
  74  7:38  Command Center  
  74  7:49  Supply Depot  
  74  8:03  Marauder x3, Marine x2  
  74  8:05  Hellion x2  
  81  8:06  Medivac x2  
  85  8:20  Marine  
  85  8:21  Marine  
  85  8:24  Marine x2  
  85  8:25  Marauder  
  85  8:27  Hellion x2  
  95  8:36  Medivac  
  95  8:38  Marine x2  
  99  8:42  Marauder  
  99  8:43  Marauder  
  99  8:47  Marauder  
  101  8:49  Hellion x2  
  104  8:56  Marine x2  
  104  9:04  Marauder x2  
  104  9:08  Marine  
  104  9:09  Orbital Command  
  100  9:13  SCV x2  
  100  9:14  Marine x2  
  102  9:25  Marauder x2, SCV x2  
  102  9:26  Marine  
  107  9:32  Marine x2  
  107  9:37  SCV x2  
  111  9:44  Marauder  
  113  9:46  Marauder, Marine  
  113  9:49  SCV x2, Marine  
  113  10:01  SCV  
Show
View Real Time Build Order
Export as new Build Order

Woah Terran 

Build Orders:  

Get SALT Encoding   

  12  0:02  SCV  
  13  0:14  SCV  
  13  0:17  Supply Depot  
  14  0:27  SCV  
  15  0:30  Refinery  
  15  0:41  Barracks  
  15  0:45  SCV  
  16  0:54  Refinery  
  16  1:01  SCV  
  17  1:13  SCV  
  18  1:29  Orbital Command  
  18  1:31  Reaper  
  19  1:37  Factory  
  19  1:54  Supply Depot  
  19  1:59  SCV  
  20  2:03  Reaper  
  21  2:11  SCV  
  22  2:23  SCV  
  22  2:25  Command Center  
  23  2:37  Reaper  
  23  2:40  SCV  
  25  3:02  SCV  
  26  3:06  Starport  
  26  3:15  Barracks Tech Lab  
  27  3:27  SCV  
  27  3:28  Factory Tech Lab  
  27  3:42  Barracks Tech Lab  
  27  3:52  SCV  
  28  4:04  SCV  
  29  4:16  SCV  
  29  4:28  SCV  
  29  4:38  Siege Tank  
  31  4:39  Stimpack  
  31  4:41  Barracks  
  31  4:43  Viking, Barracks  
  31  4:44  Barracks  
  31  4:45  Orbital Command, Barracks  
  33  4:47  SCV, Engineering Bay  
  34  4:59  SCV  
  35  5:11  SCV, Command Center  
  36  5:14  Terran Infantry Weapons Level 1  
  36  5:22  SCV  
  36  5:23  SCV  
  38  5:33  Supply Depot  
  38  5:34  SCV  
  39  5:36  SCV, Refinery  
  39  5:37  Refinery  
  39  5:38  Siege Tank  
  39  5:41  Barracks Reactor  
  43  5:43  Starport Reactor  
  43  5:45  Barracks Reactor  
  43  5:46  SCV, Barracks Reactor  
  43  5:48  Barracks Reactor  
  44  5:50  Marine  
  44  5:53  SCV  
  46  6:03  Missile Turret  
  46  6:05  SCV  
  46  6:08  Marine  
  48  6:20  Marine x4  
  48  6:23  Orbital Command  
  48  6:24  Marine  
  48  6:25  Marine x3  
  56  6:26  Marine  
  56  6:27  SCV  
  58  6:37  Orbital Command  
  58  6:38  Marine x3  
  61  6:41  Engineering Bay  
  61  6:42  Armory  
  61  6:52  Medivac  
  65  6:54  Viking, Marine  
  65  6:55  Marine x2  
  65  6:56  Marine  
  69  7:09  Terran Infantry Armor Level 1  
  69  7:20  SCV x3, Marine x2  
  74  7:23  Supply Depot  
  74  7:27  Supply Depot  
  74  7:32  SCV x3  
  77  7:43  Sensor Tower  
  74  8:17  SCV  
  74  8:18  SCV x2  
  74  8:19  Marine  
  77  8:20  Marine x7  
  78  8:29  SCV  
  78  8:30  SCV  
  65  8:44  Marine x8  
  67  8:54  SCV x3  
  67  8:55  Marine  
  59  9:01  Marine  
  59  9:02  Marine x4  
  58  9:06  SCV x3  
  57  9:18  SCV x3  
  61  9:26  Missile Turret  
  61  9:30  SCV x2  
  61  9:31  SCV  
  64  9:38  Viking x2  
  62  9:42  SCV  
  62  9:43  SCV x2  
  65  9:47  Missile Turret  
  65  9:48  Missile Turret  
  65  9:54  SCV  
  65  9:58  Siege Tank  
  56  10:00  Marine x4  
  56  10:01  Marauder, Marine x2  
  56  10:06  Supply Depot  
  60  10:10  Orbital Command  
  46  10:22  Marauder  
Tags
 
League
Diamond
Matchup
TvT
Race
Terran
Replay Pack
r1
Spawn Locations
Cross Positions
Add a new tag
Caveats
  • Supply blocks, unpowered buildings, or Contaminate may cause inaccurate times.
  • Supply counts are checked every 10 seconds.